 Dungeon Crawl Stone Soup version 0.28-a0-1087-gf3fc490d9d (webtiles) character file.

Game seed: 1250312807233553465

0 meatgazer the Skirmisher (level 1, -19/18 HPs)
             Began as a Demonspawn Abyssal Knight on Dec 10, 2021.
             Was a Follower of Lugonu.
             Demolished by a tentacled starspawn (24 damage)
             ... on level 1 of the Abyss.
             The game lasted 00:00:08 (76 turns).

meatgazer the Skirmisher (Demonspawn Abyssal Knight)  Turns: 76, Time: 00:00:09

Health: -19/18     AC:  3    Str: 13    XL:     1   Next: 0%
Magic:  2/2        EV:  8    Int: 11    God:    Lugonu [*.....]
Gold:   0          SH:  0    Dex: 13    Spells: 0/0 levels left

rFire   . . .      SeeInvis .   a - +1 spear
rCold   . . .      Faith    .   (no shield)
rNeg    . . .      Spirit   .   b - +0 leather armour
rPois   .          Reflect  .   (no helmet)
rElec   .          Harm     .   (no cloak)
rCorr   .          Rampage  .   (no gloves)
Will    .....                   (no boots)
Stlth   +.........              (no amulet)
HPRegen 0.06/turn               (no ring)
MPRegen 0.08/turn               (no ring)

@: constricted
A: no striking features
a: Renounce Religion, Depart the Abyss


You were on level 1 of the Abyss.
You worshipped Lugonu.
Lugonu was aware of your devotion.
You visited 0 branches of the dungeon, and saw 0 of its levels.
You visited the Abyss 1 time.

Inventory:

Hand Weapons
 a - a +1 spear (weapon)
Armour
 b - a +0 leather armour (worn)


   Skills:
 + Level 3.0 Fighting
 + Level 1.7 Polearms
 + Level 1.7 Armour
 + Level 0.8 Dodging
 + Level 2.4 Invocations


You couldn't memorise any spells.
You didn't know any spells.
Your spell library was empty.

Dungeon Overview and Level Annotations

Branches:
Dungeon (0/15)

Altars:


Message History

Welcome, meatgazer the Demonspawn Abyssal Knight.
Will you be the one to retrieve the sublime Orb of Zot from the depths?
Lugonu says: Depart the Abyss and spread corruption, my servant! (use the ability menu to exit the Abyss) Press ? for a list of commands and other information.
Found two corrupted altars of Lugonu.
A tentacled starspawn comes into view.
A tentacled starspawn is nearby!
A tentacle flies out from the starspawn's body!
A starspawn tentacle comes into view.
You hit the tentacled starspawn but do no damage.
A tentacle flies out from the starspawn's body!
A starspawn tentacle comes into view.
The starspawn tentacle grabs you. The starspawn tentacle constricts you.
You escape the starspawn tentacle's grasp.
You hit the starspawn tentacle.
The starspawn tentacle is lightly damaged.
The starspawn tentacle grabs you. The starspawn tentacle constricts you.
You hit the starspawn tentacle but do no damage.
The starspawn tentacle is lightly damaged.
The tentacled starspawn bites you.
The tentacled starspawn barely misses you.
The starspawn tentacle constricts you.
* * * LOW HITPOINT WARNING * * *
You hit the starspawn tentacle but do no damage.
The starspawn tentacle is lightly damaged.
The tentacled starspawn bites you!!
Ouch! That really hurt!
You die...

#. .# .. # . .#
. .#. .# ── #.#
####.# ... #
###.#.####X. .
.#@wΛ.##Λ#.# ..
#..#.X#w..#.###
..#...#
##..#...##.# #
.. #. ###.#
##.#.. ..
####.. #.#
#...#. #..
....# # #.
...#####... ...
#....# # ## ...
. . . . ####.
#.


You could see a tentacled starspawn and 2 starspawn tentacles.

Vanquished Creatures (others)
  2 starspawn tentacles (Abyss:1)
2 creatures vanquished.

Notes
Turn   | Place    | Note
-------+----------+-------------------------------------------
     0 | Abyss:1  | meatgazer the Demonspawn Abyssal Knight began the quest for
                  | the Orb.
     0 | Abyss:1  | Reached XP level 1. HP: 18/18 MP: 2/2
    62 | Abyss:1  | Noticed a tentacled starspawn
    76 | Abyss:1  | Demolished by a tentacled starspawn

Illustrated notes

Levels and vault maps discovered:
Abyss:1:  base: Temple, base:
Temple

Action                   || total
-------------------------++-------
Melee: Spear             ||     4
Dodge: Dodged            ||     1

Table legend: (Time is in decaauts)
 A = Elapsed time spent in this place.
 B = Non-inter-level travel time spent in this place.
 C = Inter-level travel time spent in this place.
 D = Time resting spent in this place.
 E = Time spent auto-exploring this place.
 F = Levels seen in this place.
 G = Mean time per level.
                   A        B        C        D        E       F      G
               +--------+--------+--------+--------+--------+-----+--------+
         Total |     76 |     76 |      0 |      0 |     62 |   1 |   76.0 |
         Abyss |     76 |     76 |      0 |      0 |     62 |   1 |   76.0 |
               +--------+--------+--------+--------+--------+-----+--------+

Top non-repeatable levels by time:
 Abyss:1: 76 daAuts
